 Dungeon Crawl Stone Soup version 0.31.0-1-g2c135a0 (webtiles) character file.

Game seed: 11701820860798585979

223 jagoly the Chopper (level 6, -6/38 HPs)
             Began as a Gargoyle Monk on Jan 25, 2024.
             Mangled by an ogre skeleton (10 damage)
             ... in an ossuary.
             The game lasted 00:05:13 (668 turns).

jagoly the Chopper (Gargoyle Monk)                   Turns: 668, Time: 00:05:13

Health: -6/38      AC:  6    Str: 17    XL:     6   Next: 0%
Magic:  6/6        EV: 12    Int: 10    God:
Gold:   108        SH:  0    Dex: 12    Spells: 5/5 levels left

rFire   . . .        a - +0 hand axe
rCold   . . .        d - orb {light}
rNeg    + + .        b - +0 robe
rPois   ∞            (no helmet)
rElec   +            (no cloak)
rCorr   .            (no gloves)
SInv    .            (no boots)
Will    .....        (no amulet)
Stlth   +            g - ring of positive energy
HPRegen 0.26/turn    (no ring)
MPRegen 0.10/turn

%: no passive effects
@: glowing
A: sickness immunity, AC +4, negative energy resistance 1, electricity
resistance, torment resistance 1, petrification resistance
a: no special abilities


You were in an ossuary.
You visited 1 branch of the dungeon, and saw 4 of its levels.
You also visited: Ossuary.

You collected 108 gold pieces.

Inventory:

Hand Weapons
 a - a +0 hand axe (weapon)
 f - a +2 spear of venom
Missiles
 p - 10 stones (quivered)
 q - 3 poisoned darts
Armour
 b - a +0 robe (worn)
 d - an orb of light (worn)
Jewellery
 g - a ring of positive energy (left hand)
Scrolls
 h - a scroll of vulnerability {unknown}
 i - 4 scrolls of identify {unknown}
 n - 2 scrolls of poison {unknown}
 s - 2 scrolls of enchant armour {unknown}
 t - 2 scrolls of teleportation {unknown}
Potions
 c - a potion of ambrosia
 e - a potion of mutation {unknown}
 j - a potion of might {unknown}
 k - a potion of magic {unknown}
 l - a potion of curing {unknown}
 m - a potion of berserk rage {unknown}
 o - a potion of haste {unknown}
 r - a potion of attraction {unknown}
 u - a potion of lignification {unknown}


   Skills:
 - Level 4.0 Fighting
 * Level 5.3 Axes
 - Level 2.4 Dodging
 - Level 2.0 Stealth


You had 5 spell levels left.
You didn't know any spells.
Your spell library was empty.

Dungeon Overview and Level Annotations

Branches:
Dungeon (4/15) Zot: 23560 Ossuary (1/1) Zot: 5761
 Temple: D:4-7

Altars:

Annotations:
D:3 2 transporters


Innate Abilities, Weirdness & Mutations

You are immune to sickness and miasma.
Your stone body is resilient. (AC +4)
You are immune to poison.
You resist negative energy. (rN+)
You are resistant to electric shocks. (rElec)
You are resistant to unholy torment.
You are immune to petrification.


Message History

The kobold throws a stone.
The stone hits you but does no damage.
The kobold throws a stone.
The stone hits you but does no damage.
You see here 15 gold pieces.
You now have 108 gold pieces (gained 15).
You hit the rat zombie.
The rat zombie is severely damaged.
The rat zombie closely misses you.
You hit the rat zombie.
You destroy the rat zombie!
You hit the kobold.
The kobold is poisoned.
The kobold is severely wounded.
You kill the kobold!
No target in view!
No target in view!
p - 11 stones (gained 1)
Things that are here:
a +0 club; a kobold corpse
There is a sand-covered staircase here.
The world spins around you as you enter the gateway.
You enter an ossuary!
Found a gate leading back out of this place.
There is an empty arch of ancient stone here.
Your +2 spear of venom stops dripping with poison.
a - a +0 hand axe (weapon)
You open the door.
A centaur skeleton comes into view.
There is an open door here.
You slash the centaur skeleton!
The centaur skeleton is moderately damaged.
The centaur skeleton closely misses you.
The centaur skeleton kicks you but does no damage.
The centaur skeleton barely misses you.
The centaur skeleton closely misses you.
You slash the centaur skeleton!
The centaur skeleton is heavily damaged.
The centaur skeleton completely misses you.
The centaur skeleton closely misses you.
You completely miss the centaur skeleton.
The centaur skeleton is heavily damaged.
The centaur skeleton hits you.
The centaur skeleton kicks you but does no damage.
The centaur skeleton hits you but does no damage.
The centaur skeleton kicks you but does no damage.
You hit the centaur skeleton but do no damage.
The centaur skeleton is heavily damaged.
The centaur skeleton hits you but does no damage.
The centaur skeleton misses you.
You hit the centaur skeleton.
The centaur skeleton is severely damaged.
The centaur skeleton closely misses you.
The centaur skeleton barely misses you. The centaur skeleton hits you.
The centaur skeleton kicks you but does no damage.
You hit the centaur skeleton.
The centaur skeleton is almost destroyed.
The centaur skeleton hits you. The centaur skeleton barely misses you.
You hit the centaur skeleton but do no damage.
The centaur skeleton is almost destroyed.
The centaur skeleton hits you but does no damage.
The centaur skeleton barely misses you. x2; The centaur skeleton kicks you.
You hit the centaur skeleton.
You destroy the centaur skeleton!
You have reached level 4!
You feel stronger.
You open the door.
A kobold skeleton comes into view.
A mummy comes into view.
Found a scroll labelled OXOQIPN TAAZUU.
The kobold skeleton barely misses you.
There is an open door here.
You hit the kobold skeleton.
The kobold skeleton is severely damaged.
The kobold skeleton hits you but does no damage.
You slash the kobold skeleton!
You destroy the kobold skeleton!
No target in view!
No target in view!
There is an open door here.
The mummy misses you.
You hit the mummy.
The mummy is lightly damaged.
The mummy misses you.
You hit the mummy.
The mummy is lightly damaged.
You hit the mummy.
The mummy is heavily damaged.
The mummy closely misses you.
You hit the mummy.
The mummy is heavily damaged.
The mummy hits you but does no damage.
You hit the mummy.
The mummy is almost destroyed.
You hit the mummy.
You destroy the mummy!
Training target 4.0 for Fighting reached!
Your Fighting skill increases to level 4!
No target in view!
No target in view!
t - a scroll labelled OXOQIPN TAAZUU You open the door.
There is an open door here.
You open the door.
A wight comes into view. It is wielding a +0 halberd.
Found a scroll labelled POUXTO KYITHRE.
The wight misses you.
There is an open door here.
You hit the wight.
The wight is moderately damaged.
The wight closely misses you.
You hit the wight.
The wight is moderately damaged.
The wight barely misses you.
You barely miss the wight.
The wight is moderately damaged.
The wight misses you.
You hit the wight.
The wight is severely damaged.
The wight closely misses you. The wight misses you.
You hit the wight.
The wight is almost destroyed.
The wight closely misses you.
You hit the wight.
You destroy the wight!
Your Axes skill increases to level 4!
You have reached level 5!
Things that are here:
a +0 halberd; a +0 robe
s - 2 scrolls labelled POUXTO KYITHRE (gained 1)
You open the door.
A kobold skeleton comes into view.
There is an open door here.
The kobold skeleton hits you but does no damage.
You hit the kobold skeleton.
The kobold skeleton is severely damaged.
The kobold skeleton closely misses you.
You slash the kobold skeleton!
You destroy the kobold skeleton!
No target in view!
No target in view!
You open the door.
A mummy comes into view.
Found a scroll labelled OXOQIPN TAAZUU.
There is an open door here.
You completely miss the mummy. You slash the mummy!
The mummy is moderately damaged.
The mummy hits you.
You hit the mummy but do no damage.
The mummy is moderately damaged.
The mummy closely misses you.
You hit the mummy.
The mummy is heavily damaged.
You hit the mummy.
The mummy is almost destroyed.
The mummy closely misses you.
You hit the mummy but do no damage.
The mummy is almost destroyed.
The mummy misses you.
You slash the mummy!
You destroy the mummy!
No target in view!
t - 2 scrolls labelled OXOQIPN TAAZUU (gained 1)
There is an open door here.
A gnoll skeleton comes into view.
You hit the gnoll skeleton.
The gnoll skeleton is moderately damaged.
The gnoll skeleton hits you.
You completely miss the gnoll skeleton.
The gnoll skeleton is moderately damaged.
The gnoll skeleton hits you but does no damage.
You slash the gnoll skeleton!
You destroy the gnoll skeleton!
No target in view!
There is an open door here.
You open the door.
A mummy comes into view.
Found a glowing brown potion.
The mummy misses you.
There is an open door here.
You hit the mummy.
The mummy is moderately damaged.
The mummy hits you!
You slash the mummy!
The mummy is severely damaged.
You slash the mummy!
You destroy the mummy!
No target in view!
No target in view!
No target in view!
u - a glowing brown potion
There is an open door here.
You open the door.
A spectral scorpion comes into view.
Found a scroll labelled WOPHAMMETHE.
You hit the spectral scorpion but do no damage.
The spectral scorpion hits you but does no damage.
You hit the spectral scorpion.
The spectral scorpion is moderately damaged.
The spectral scorpion barely misses you.
You hit the spectral scorpion.
The spectral scorpion is moderately damaged.
The spectral scorpion closely misses you.
The spectral scorpion barely misses you.
You completely miss the spectral scorpion.
The spectral scorpion is moderately damaged.
The spectral scorpion hits you but does no damage.
You hit the spectral scorpion but do no damage.
The spectral scorpion is moderately damaged.
The spectral scorpion hits you.
You hit the spectral scorpion but do no damage.
The spectral scorpion is moderately damaged.
The spectral scorpion barely misses you.
You hit the spectral scorpion but do no damage.
The spectral scorpion is moderately damaged.
The spectral scorpion hits you but does no damage.
The spectral scorpion hits you.
You hit the spectral scorpion.
The spectral scorpion is moderately damaged.
The spectral scorpion misses you.
You slash the spectral scorpion!
The spectral scorpion is severely damaged.
The spectral scorpion hits you.
Cleave: a) +0 hand axe
Press: ? - help, Dir - move target, f - spectral scorpion
Aim: a spectral scorpion (severely damaged, haloed, about 3% to evade your +0 hand axe)
You hit the spectral scorpion but do no damage.
The spectral scorpion is severely damaged.
The spectral scorpion closely misses you.
The spectral scorpion hits you.
Cleave: a) +0 hand axe
Press: ? - help, Dir - move target, f/p - spectral scorpion
Aim: a spectral scorpion (severely damaged, haloed, about 3% to evade your +0 hand axe)
You hit the spectral scorpion.
The spectral scorpion is almost destroyed.
The spectral scorpion hits you but does no damage.
Cleave: a) +0 hand axe
Press: ? - help, Dir - move target, f/p - spectral scorpion
Aim: a spectral scorpion (almost destroyed, haloed, about 3% to evade your +0 hand axe)
You hit the spectral scorpion but do no damage.
The spectral scorpion is almost destroyed.
The spectral scorpion hits you but does no damage.
Cleave: a) +0 hand axe
Press: ? - help, Dir - move target, f/p - spectral scorpion
Aim: a spectral scorpion (almost destroyed, haloed, about 3% to evade your +0 hand axe)
You hit the spectral scorpion but do no damage.
The spectral scorpion is almost destroyed.
The spectral scorpion misses you.
Cleave: a) +0 hand axe
Press: ? - help, Dir - move target, f/p - spectral scorpion
Aim: a spectral scorpion (almost destroyed, haloed, about 3% to evade your +0 hand axe)
You hit the spectral scorpion.
You destroy the spectral scorpion!
There is an open door here.
n - 2 scrolls labelled WOPHAMMETHE (gained 1)
You open the door.
A crocodile zombie and 10 spectral rats come into view.
Found five items.
Press: ? - help, v - describe, . - travel, g - get item
Here: a spectral rat (haloed) Item here: a scroll labelled OXOQIPN TAAZUU.
The floor.
You hit the spectral rat.
The spectral rat is almost destroyed.
The spectral rat bites you.
You hit the spectral rat.
You destroy the spectral rat!
You hit the spectral rat.
The spectral rat is lightly damaged.
The spectral rat bites you but does no damage.
You hit the spectral rat but do no damage.
The spectral rat is lightly damaged.
The spectral rat bites you but does no damage.
You hit the spectral rat.
You destroy the spectral rat!
You hit the spectral rat but do no damage.
The spectral rat barely misses you.
You hit the spectral rat.
The spectral rat is heavily damaged.
The spectral rat closely misses you.
You slash the spectral rat!
You destroy the spectral rat!
You hit the spectral rat.
The spectral rat is moderately damaged.
The spectral rat barely misses you.
You hit the spectral rat but do no damage.
The spectral rat is moderately damaged.
The spectral rat barely misses you.
You hit the spectral rat.
The spectral rat is severely damaged.
The spectral rat barely misses you.
You hit the spectral rat but do no damage.
The spectral rat is severely damaged.
The spectral rat bites you. The spectral rat misses you.
You hit the spectral rat but do no damage.
The spectral rat is heavily damaged.
The spectral rat misses you.
You hit the spectral rat.
You destroy the spectral rat!
You hit the crocodile zombie.
The crocodile zombie is lightly damaged.
The crocodile zombie barely misses you.
You hit the crocodile zombie.
The crocodile zombie is lightly damaged.
The crocodile zombie closely misses you.
You hit the crocodile zombie.
The crocodile zombie is lightly damaged.
The crocodile zombie bites you.
* * * LOW HITPOINT WARNING * * *
You are too injured to fight recklessly!
Cleave: a) +0 hand axe
Press: ? - help, Dir - move target, f - crocodile zombie
Aim: a crocodile zombie (lightly damaged, haloed, about 10% to evade your +0 hand axe)
You hit the crocodile zombie but do no damage.
The crocodile zombie is lightly damaged.
The crocodile zombie closely misses you.
Cleave: a) +0 hand axe
Press: ? - help, Dir - move target, f/p - crocodile zombie
Aim: a crocodile zombie (lightly damaged, haloed, about 10% to evade your +0 hand axe)
You slash the crocodile zombie!
The crocodile zombie is moderately damaged.
Cleave: a) +0 hand axe
Press: ? - help, Dir - move target, f/p - crocodile zombie
Aim: a crocodile zombie (moderately damaged, haloed, about 10% to evade your +0 hand axe)
You hit the crocodile zombie.
The crocodile zombie is moderately damaged.
The crocodile zombie bites you.
* * * LOW HITPOINT WARNING * * *
Cleave: a) +0 hand axe
Press: ? - help, Dir - move target, f/p - crocodile zombie
Aim: a crocodile zombie (moderately damaged, haloed, about 10% to evade your +0 hand axe)
You slash the crocodile zombie!
The crocodile zombie is heavily damaged.
The crocodile zombie bites you.
* * * LOW HITPOINT WARNING * * *
Cleave: a) +0 hand axe
Press: ? - help, Dir - move target, f/p - crocodile zombie
Aim: a crocodile zombie (heavily damaged, haloed, about 10% to evade your +0 hand axe)
You barely miss the crocodile zombie.
The crocodile zombie is heavily damaged.
The crocodile zombie bites you!
* * * LOW HITPOINT WARNING * * *
You aren't carrying any items that you can evoke.
Cleave: a) +0 hand axe
Press: ? - help, Dir - move target, f/p - crocodile zombie
Aim: a crocodile zombie (heavily damaged, haloed, about 10% to evade your +0 hand axe)
You slash the crocodile zombie!
The crocodile zombie is severely damaged.
The crocodile zombie bites you but does no damage.
Cleave: a) +0 hand axe
Press: ? - help, Dir - move target, f/p - crocodile zombie
Aim: a crocodile zombie (severely damaged, haloed, about 10% to evade your +0 hand axe)
Okay, then.
Press: ? - help, v - describe, . - travel
Here: a crocodile zombie (severely damaged, haloed)
An open door.
Unknown command.
The crocodile zombie attacks as it pursues you!
The crocodile zombie closely misses you.
Unknown command.
Unknown command.
There is an open door here.
You close the door.
There is an open door here.
There is an open door here.
As you open the door, it creaks loudly!
There is an open door here.
Which direction?
You close the door.
You open the door.
There is an open door here.
You open the door.
A mummy and a centaur skeleton come into view.
Found 3 scrolls labelled ZEK EDWYUS.
You aren't carrying any items that you can evoke.
Throw: 11 stones
Press: ? - help, Q - select action, (/) - cycle Shift-Dir - straight line, f - centaur skeleton
Aim: a centaur skeleton (haloed, 98% to hit)
You throw a stone. The stone hits the centaur skeleton.
The centaur skeleton is lightly damaged.
The centaur skeleton closely misses you.
The centaur skeleton kicks you.
* * * LOW HITPOINT WARNING * * *
Cleave: a) +0 hand axe
Press: ? - help, Dir - move target, f/p - centaur skeleton
Aim: a centaur skeleton (lightly damaged, haloed, about 2% to evade your +0 hand axe)
You hit the centaur skeleton.
The centaur skeleton is moderately damaged.
The centaur skeleton barely misses you.
The centaur skeleton kicks you but does no damage.
Cleave: a) +0 hand axe
Press: ? - help, Dir - move target, f/p - centaur skeleton
Aim: a centaur skeleton (moderately damaged, haloed, about 2% to evade your +0 hand axe)
You hit the centaur skeleton.
The centaur skeleton is heavily damaged.
The centaur skeleton hits you but does no damage.
The centaur skeleton kicks you.
* * * LOW HITPOINT WARNING * * *
Cleave: a) +0 hand axe
Press: ? - help, Dir - move target, f - mummy, p - centaur skeleton
Aim: a mummy (haloed, about 6% to evade your +0 hand axe)
You hit the mummy.
The mummy is moderately damaged.
Cleave: a) +0 hand axe
Press: ? - help, Dir - move target, f/p - mummy
Aim: a mummy (moderately damaged, haloed, about 6% to evade your +0 hand axe)
You hit the mummy but do no damage.
The mummy is moderately damaged.
Cleave: a) +0 hand axe
Press: ? - help, Dir - move target, f/p - mummy
Aim: a mummy (moderately damaged, haloed, about 6% to evade your +0 hand axe)
You hit the mummy but do no damage.
The mummy is moderately damaged.
The mummy hits you.
* * * LOW HITPOINT WARNING * * *
Cleave: a) +0 hand axe
Press: ? - help, Dir - move target, f/p - mummy
Aim: a mummy (moderately damaged, haloed, about 6% to evade your +0 hand axe)
You hit the mummy.
The mummy is heavily damaged.
Cleave: a) +0 hand axe
Press: ? - help, Dir - move target, f/p - mummy
Aim: a mummy (heavily damaged, haloed, about 6% to evade your +0 hand axe)
You hit the mummy but do no damage.
The mummy is heavily damaged.
The mummy barely misses you.
Cleave: a) +0 hand axe
Press: ? - help, Dir - move target, f/p - mummy
Aim: a mummy (heavily damaged, haloed, about 6% to evade your +0 hand axe)
You hit the mummy.
The mummy is almost destroyed.
The mummy misses you.
Cleave: a) +0 hand axe
Press: ? - help, Dir - move target, f/p - mummy
Aim: a mummy (almost destroyed, haloed, about 6% to evade your +0 hand axe)
You slash the mummy!
You destroy the mummy!
Your Axes skill increases to level 5!
Cleave: a) +0 hand axe
Press: ? - help, Dir - move target, f - centaur skeleton
Aim: a centaur skeleton (heavily damaged, haloed, about 2% to evade your +0 hand axe)
You hit the centaur skeleton.
The centaur skeleton is heavily damaged.
The centaur skeleton hits you.
* * * LOW HITPOINT WARNING * * *
The centaur skeleton kicks you but does no damage.
Cleave: a) +0 hand axe
Press: ? - help, Dir - move target, f/p - centaur skeleton
Aim: a centaur skeleton (heavily damaged, haloed, about 2% to evade your +0 hand axe)
You hit the centaur skeleton.
The centaur skeleton is severely damaged.
The centaur skeleton hits you but does no damage.
The centaur skeleton misses you.
The centaur skeleton closely misses you.
The centaur skeleton misses you.
Cleave: a) +0 hand axe
Press: ? - help, Dir - move target, f/p - centaur skeleton
Aim: a centaur skeleton (severely damaged, haloed, about 2% to evade your +0 hand axe)
You hit the centaur skeleton.
The centaur skeleton is severely damaged.
The centaur skeleton hits you.
* * * LOW HITPOINT WARNING * * *
The centaur skeleton barely misses you.
Cleave: a) +0 hand axe
Press: ? - help, Dir - move target, f/p - centaur skeleton
Aim: a centaur skeleton (severely damaged, haloed, about 2% to evade your +0 hand axe)
You hit the centaur skeleton.
The centaur skeleton is almost destroyed.
The centaur skeleton hits you but does no damage.
The centaur skeleton kicks you but does no damage.
Cleave: a) +0 hand axe
Press: ? - help, Dir - move target, f/p - centaur skeleton
Aim: a centaur skeleton (almost destroyed, haloed, about 2% to evade your +0 hand axe)
You hit the centaur skeleton.
You destroy the centaur skeleton!
You have reached level 6!
There is an open door here.
i - 4 scrolls labelled ZEK EDWYUS (gained 3)
You open the door.
An ogre skeleton comes into view.
There is an open door here.
You are too injured to fight recklessly!
You are too injured to fight recklessly!
You are too injured to fight recklessly!
Cleave: a) +0 hand axe
Press: ? - help, Dir - move target, f - ogre skeleton
Aim: an ogre skeleton (haloed, about 2% to evade your +0 hand axe)
You hit the ogre skeleton.
The ogre skeleton is lightly damaged.
The ogre skeleton hits you!
* * * LOW HITPOINT WARNING * * *
Cleave: a) +0 hand axe
Press: ? - help, Dir - move target, f/p - ogre skeleton
Aim: an ogre skeleton (lightly damaged, haloed, about 2% to evade your +0 hand axe)
You slash the ogre skeleton!
The ogre skeleton is moderately damaged.
Cleave: a) +0 hand axe
Press: ? - help, Dir - move target, f/p - ogre skeleton
Aim: an ogre skeleton (moderately damaged, haloed, about 2% to evade your +0 hand axe)
You hit the ogre skeleton.
The ogre skeleton is moderately damaged.
The ogre skeleton hits you!
You die...

## ..
#.#
#..
##..
#..
#Z#
#@##
#..##
#+#
##..##
##?##
##..#
#!!.#
##.##
?.?
#..#


ZZZ #.## #+Z# #.# #.#Z# ##'## #.##Z## You could see an ogre skeleton.

Vanquished Creatures
  A wight (Ossuary)
  A spectral scorpion (Ossuary)
  2 centaur skeletons (Ossuary)
  4 mummies (Ossuary)
  2 adders (D:2)
  An orc (D:3)
  An endoplasm (D:1)
  2 goblins
  A hobgoblin (D:3)
  3 kobolds
  A ball python (D:2)
  A bat (D:3)
  3 frilled lizards
  A gnoll skeleton (Ossuary)
  2 kobold skeletons (Ossuary)
  3 rats
  A rat zombie (D:4)
  4 spectral rats (Ossuary)
34 creatures vanquished.

Notes
Turn   | Place    | Note
-------+----------+-------------------------------------------
     0 | D:1      | jagoly the Gargoyle Monk began the quest for the Orb.
     0 | D:1      | Reached XP level 1. HP: 14/14 MP: 1/1
    93 | D:2      | Reached skill level 3 in Axes
    93 | D:2      | Reached skill level 1 in Stealth
    93 | D:2      | Reached XP level 2. HP: 19/19 MP: 2/2
   140 | D:2      | Reached XP level 3. HP: 21/23 MP: 3/3
   165 | D:2      | Found a faded altar of an unknown god.
   203 | D:3      | Found a transporter.
   275 | D:3      | Found a transporter.
   420 | D:4      | Found a sand-covered staircase.
   437 | Ossuary  | Entered an ossuary
   450 | Ossuary  | Reached XP level 4. HP: 21/29 MP: 4/4
   485 | Ossuary  | Reached skill level 4 in Axes
   485 | Ossuary  | Reached XP level 5. HP: 33/33 MP: 5/5
   614 | Ossuary  | HP: 1/33 [mummy (6)]
   619 | Ossuary  | Reached skill level 5 in Axes
   619 | Ossuary  | HP: 1/33 [centaur skeleton (1)]
   624 | Ossuary  | Reached XP level 6. HP: 2/38 MP: 6/6
   668 | Ossuary  | Mangled by an ogre skeleton

Illustrated notes

Levels and vault maps discovered:
D:1:      amcnicky_arrival_underground_garden, layout_basic, serial_rivers,
          chequers_serial_rivers_large_a, chequers_serial_rivers_micro_d,
          chequers_serial_rivers_micro_b, chequers_serial_rivers_small_a
D:2:      layout_basic, ebering_ecumenical_altar_petrified, basic_altar,
          minmay_split_cup_small
D:3:      gammafunk_wand_slinger, layout_rooms, okawaru_altar_gauntlet_db
D:4:      layout_loops_corners, slow_altar_1, zin_scriptorium, enter_ossuary_3,
          chequers_jeans, minmay_puff
Ossuary:  ossuary_due_small_catacomb

Skill      XL: |  1  2  3  4  5 |
---------------+----------------+-----
Axes           | 3 4 5 |  5.3
Stealth        | 1 2 |  2.0
Fighting       | 4 |  4.0
Dodging        | |  2.4

Action                     |  1- 3 |  4- 6 || total
---------------------------+-------+-------++-------
  Melee: Spear             |    41 |       ||    41
         Hand axe          |     8 |    83 ||    91
  Throw: Stone             |       |     1 ||     1
 Armour: Robe              |    28 |    38 ||    66
  Dodge: Dodged            |    20 |    42 ||    62
